AoeStats
← Jazzmushroom

African Clearing

506707790Analyzed
4v4 RM · 19d ago on Sep 14, 2026· 42m 6s· 8 players
Game mode
Random Map
Map size
Large (8 player)
Population
200
Speed
Normal
Resources
Standard
Victory
Conquest
Starting age
Dark Age
Ending age
Imperial Age
RankedLock teamsTeams togetherTeam positionsShared explorationLock speedFull tech treeHidden civsTurbo modeCheats
Victory
Defeat
🇨🇭 Magyars · Switzerland
1442
+8
🇨🇿 Wu · Czechia
1384
+10
🇩🇰 Bohemians · Denmark
1341
+12
🇨🇿 Saracens · Czechia
1250
+15
🇺🇸 Burmese · United States
1316
-14
🇨🇳 Inca · China
1251
-11
🇦🇷 Dravidians · Argentina
1250
-11
🇹🇷 Gurjaras · Türkiye
1181
-9
Jazzmushroom
13:36 Feudal Age
13:03 Loom
19:13 Castle Age
17:51 Stone Mining
17:53 Gold Mining
19:24 Town Watch
20:15 Wheelbarrow
22:43 Horse Collar
25:57 Forging
26:00 Scale Barding Armor
27:09 Bloodlines
27:48 Padded Archer Armor
33:34 Fletching
36:34 Hand Cart
36:54 Manipur Cavalry
40:29 Imperial Age
40:36 Elite Arambai
jinzhi
4:48 Loom
14:56 Feudal Age
19:39 Castle Age
19:06 Horse Collar
19:12 Double-Bit Axe
20:59 Champi Runner
22:21 Champi Warrior
23:10 Squires
23:57 Arson
28:06 Forging
27:57 Scale Mail Armor
35:14 Wheelbarrow
34:45 Heavy Plow
34:55 Bow Saw
42:02 Iron Casting
41:43 Chain Mail Armor
44:01 Imperial Age
BULLETS ARE SEXY
3:54 Loom
13:54 Feudal Age
17:56 Castle Age
16:04 Double-Bit Axe
18:29 Wheelbarrow
21:02 Town Watch
24:17 Husbandry
26:54 Hand Cart
27:04 Bloodlines
33:35 Bow Saw
34:44 Redemption
34:55 Sanctity
34:45 Fervor
34:57 Forging
36:30 Scale Barding Armor
37:00 Iron Casting
37:03 Horse Collar
38:30 Gold Mining
38:30 Stone Mining
38:43 Heavy Plow
42:38 Imperial Age
felixaleman1010
3:46 Loom
13:49 Feudal Age
19:14 Castle Age
19:17 Crossbowman
27:12 Fletching
27:23 Padded Archer Armor
41:25 Double-Bit Axe
42:00 Gold Mining
42:35 Bow Saw
vclv
11:07 Loom
13:12 Feudal Age
20:16 Castle Age
19:00 Double-Bit Axe
19:52 Bloodlines
19:29 Horse Collar
24:41 Heavy Plow
28:26 Scale Barding Armor
30:58 Wheelbarrow
31:29 Forging
32:23 Husbandry
34:52 Chain Barding Armor
34:23 Fletching
38:51 Imperial Age
37:42 Iron Casting
37:04 Bodkin Arrow
37:38 Ballistics
37:36 Gold Mining
40:46 Murder Holes
41:02 Masonry
41:54 Chemistry
42:48 Plate Barding Armor
43:22 Blast Furnace
Piko
12:24 Feudal Age
12:29 Loom
17:00 Castle Age
16:54 Double-Bit Axe
23:16 Horse Collar
26:25 Bow Saw
27:49 Wheelbarrow
30:07 Sanctity
30:02 Fervor
30:55 Town Watch
32:27 Heavy Plow
36:29 Imperial Age
35:39 Chemistry
34:42 Padded Archer Armor
35:48 Leather Archer Armor
35:42 Wagenburg Tactics
38:10 Hand Cart
38:42 Conscription
40:17 Ring Archer Armor
LLSM
5:31 Loom
15:11 Feudal Age
19:12 Castle Age
18:10 Scale Mail Armor
18:25 Double-Bit Axe
20:10 Chain Mail Armor
20:09 Squires
21:56 Arson
27:08 Wheelbarrow
27:50 Horse Collar
30:51 Fletching
31:12 Forging
30:47 Man-at-Arms
31:48 Hand Cart
38:15 Imperial Age
36:07 Bodkin Arrow
36:32 Padded Archer Armor
37:34 Ballistics
38:00 Leather Archer Armor
37:52 Gold Mining
38:49 Red Cliffs Tactics
39:09 Bracer
40:10 Conscription
40:21 Elite Fire Archer
42:27 Chemistry
42:05 Heavy Plow
Grumpy
9:13 Loom
11:45 Feudal Age
12:40 Double-Bit Axe
15:25 Scale Barding Armor
15:28 Horse Collar
17:28 Bloodlines
22:49 Castle Age
22:53 Light Cavalry
23:55 Chain Barding Armor
24:30 Husbandry
25:45 Wheelbarrow
32:19 Bow Saw
38:46 Imperial Age
36:08 Fletching
36:48 Bodkin Arrow
37:02 Heavy Plow
37:57 Padded Archer Armor
39:04 Ballistics
39:23 Thumb Ring
39:29 Bracer
39:59 Ballistics
42:20 Leather Archer Armor
Connection lost

Rejoining the realm…

Still unreachable

The connection could not be restored.

Session expired

The server has moved on; the page needs a fresh start.